MLB
NEW YORK METS @ PHILADELPHIA PHILLIES
09/24/2046
 
TOP OF THE 1ST
New York Mets batting - Pitching for Philadelphia Phillies : RHP Robby Benchio
Pitching: RHP Robby Benchio
Batting: SHB Nelle van den Berg 0-0: SINGLE (Groundball, 56S, EV 66.9 MPH) (infield hit)
Batting: LHB Kevin Bellman 0-0: Ball
1-0: 2-RUN HOME RUN (Flyball, 9LD, EV 96.2 MPH), Distance : 360 ft
Batting: SHB Sean Cook 0-0: Swinging Strike
0-1: Ball
1-1: Ball
2-1: Foul Ball, location: 2F
2-2: Strikes out swinging, 2-3 out at first.
Batting: SHB Jonathan Jenkins 0-0: Foul Ball, location: 2F
0-1: Ground out 1-3 (Groundball, 15, EV 71.9 MPH)
Batting: SHB Harry Hoop 0-0: Foul Ball, location: 2F
0-1: SINGLE (Groundball, 6MD, EV 101.9 MPH) (infield hit)
Batting: RHB Jesus Chavez 0-0: Ball
1-0: Ball
2-0: Foul Ball, location: 2F
2-1: Swinging Strike
2-2: Strikes out swinging
Top of the 1st over - 2 runs, 3 hits, 0 errors, 1 left on base; New York 2 - Philadelphia 0
BOTTOM OF THE 1ST
Philadelphia Phillies batting - Pitching for New York Mets : RHP Jeff Jank
Pitching: RHP Jeff Jank
Batting: LHB Jeff Luvisi 0-0: Ball
1-0: Ball
2-0: Ball
3-0: Called Strike
3-1: Ground out 4-3 (Groundball, 4, EV 86.9 MPH)
Batting: LHB Eric Katz 0-0: Ball
1-0: Ball
2-0: Ball
3-0: SINGLE (Line Drive, 9S, EV 108.1 MPH)
Batting: LHB Xavier Pittman 0-0: Called Strike
Eric Katz steals 2nd base
0-1: Swinging Strike
0-2: Ground out 4-3 (Groundball, 4, EV 83.1 MPH)
Eric Katz to third
Batting: RHB Chef Belew 0-0: Ball
1-0: Ball
2-0: Called Strike
2-1: Ball
3-1: DOUBLE (Line Drive, 7LS, EV 103.8 MPH)
Eric Katz scores
Batting: LHB Osamu Kubo 0-0: Ball
1-0: Called Strike
1-1: 2-RUN HOME RUN (Flyball, 7D, EV 98.1 MPH), Distance : 379 ft
Batting: SHB Lance Franklin 0-0: Foul Ball, location: 2F
0-1: Swinging Strike
0-2: SINGLE (Flyball, 4MD, EV 97.5 MPH)
Batting: LHB Ryan Trombley 0-0: Ground out 4-3 (Groundball, 34, EV 83.8 MPH)
Bottom of the 1st over - 3 runs, 4 hits, 0 errors, 1 left on base; New York 2 - Philadelphia 3
TOP OF THE 2ND
New York Mets batting - Pitching for Philadelphia Phillies : RHP Robby Benchio
Batting: SHB Roberto Magne 0-0: Foul Ball, location: 2F
0-1: Called Strike
0-2: Ball
1-2: Ball
2-2: Ball
3-2: Foul Ball, location: 2F
3-2: Foul Ball, location: 2F
3-2: Foul Ball, location: 2F
3-2: Base on Balls
Batting: LHB Sal Fernandez 0-0: Ball
1-0: Ball
2-0: Foul Ball, location: 2F
2-1: Called Strike
2-2: Strikes out swinging
Batting: SHB Jason Larson 0-0: Foul Ball, location: 2F
0-1: Foul Ball, location: 2F
0-2: SINGLE (Groundball, P, EV 86.9 MPH) (infield hit)
Roberto Magne to second
Batting: SHB Nelle van den Berg 0-0: Ball
1-0: Swinging Strike
1-1: Foul Ball, location: 2F
1-2: Ball
2-2: Ball
3-2: Grounds into double play, 4-6-3 (Groundball, 4, EV 91.9 MPH)
Top of the 2nd over - 0 runs, 1 hit, 0 errors, 1 left on base; New York 2 - Philadelphia 3
BOTTOM OF THE 2ND
Philadelphia Phillies batting - Pitching for New York Mets : RHP Jeff Jank
Batting: RHB Josh Hensley 0-0: Ball
1-0: SINGLE (Groundball, 56D, EV 96.2 MPH)
Batting: LHB Jim Beaver 0-0: Foul Ball, location: 2F
0-1: Foul Ball, location: 2F
0-2: Ball
1-2: Fielders Choice at 2nd, 1-4 (Groundball, 15S, EV 69.4 MPH)
Batting: LHB Jeff Luvisi 0-0: Ball
Wild Pitch!
Jim Beaver to second
1-0: Called Strike
1-1: Called Strike
1-2: Foul Ball, location: 2F
1-2: Foul Ball, location: 2F
1-2: Foul Ball, location: 2F
1-2: Strikes out swinging
Batting: LHB Eric Katz 0-0: Foul Ball, location: 2F
0-1: Ball
1-1: Ball
2-1: Swinging Strike
2-2: Ball
3-2: Strikes out swinging, 2-3 out at first.
Bottom of the 2nd over - 0 runs, 1 hit, 0 errors, 1 left on base; New York 2 - Philadelphia 3
TOP OF THE 3RD
New York Mets batting - Pitching for Philadelphia Phillies : RHP Robby Benchio
Batting: LHB Kevin Bellman 0-0: Ball
1-0: Called Strike
1-1: Ball
2-1: Foul Ball, location: 2F
2-2: Strikes out swinging
Batting: SHB Sean Cook 0-0: Foul Ball, location: 2F
0-1: Foul Ball, location: 2F
0-2: Ball
1-2: Fly out, F7 (Flyball, 7D, EV 104.4 MPH)
Batting: SHB Jonathan Jenkins 0-0: Called Strike
0-1: Ground out 5-3 (Groundball, 56S, EV 68.1 MPH)
Top of the 3rd over - 0 runs, 0 hits, 0 errors, 0 left on base; New York 2 - Philadelphia 3
BOTTOM OF THE 3RD
Philadelphia Phillies batting - Pitching for New York Mets : RHP Jeff Jank
Batting: LHB Xavier Pittman 0-0: Called Strike
0-1: Ball
1-1: Ground out 4-3 (Groundball, 4S, EV 88.8 MPH)
Batting: RHB Chef Belew 0-0: Ground out 6-3 (Groundball, 6MS, EV 84.4 MPH)
Batting: LHB Osamu Kubo 0-0: Called Strike
0-1: Called Strike
0-2: Ball
1-2: Ground out 4-3 (Groundball, 4, EV 85.6 MPH)
Bottom of the 3rd over - 0 runs, 0 hits, 0 errors, 0 left on base; New York 2 - Philadelphia 3
TOP OF THE 4TH
New York Mets batting - Pitching for Philadelphia Phillies : RHP Robby Benchio
Batting: SHB Harry Hoop 0-0: Called Strike
0-1: SOLO HOME RUN (Flyball, 9LD, EV 95.0 MPH), Distance : 362 ft
Batting: RHB Jesus Chavez 0-0: Called Strike
0-1: Ball
1-1: Ball
2-1: Ball
3-1: SINGLE (Line Drive, 9S, EV 89.4 MPH)
Batting: SHB Roberto Magne 0-0: Called Strike
0-1: Grounds into double play, 4-6-3 (Groundball, 4M, EV 80.6 MPH)
Batting: LHB Sal Fernandez 0-0: SINGLE (Groundball, 4MS, EV 70.6 MPH) (infield hit)
Batting: SHB Jason Larson 0-0: Fly out, F9 (Flyball, 9D, EV 85.0 MPH)
Top of the 4th over - 1 run, 3 hits, 0 errors, 1 left on base; New York 3 - Philadelphia 3
BOTTOM OF THE 4TH
Philadelphia Phillies batting - Pitching for New York Mets : RHP Jeff Jank
Batting: SHB Lance Franklin 0-0: Ball
1-0: Called Strike
1-1: Called Strike
1-2: Ground out 4-3 (Groundball, 4, EV 79.4 MPH)
Batting: LHB Ryan Trombley 0-0: Ball
1-0: Called Strike
1-1: Ball
2-1: Fly out, F8 (Flyball, 8LD, EV 105.0 MPH)
Batting: RHB Josh Hensley 0-0: Called Strike
0-1: Ball
1-1: Ground out 6-3 (Groundball, 56D, EV 86.2 MPH)
Bottom of the 4th over - 0 runs, 0 hits, 0 errors, 0 left on base; New York 3 - Philadelphia 3
TOP OF THE 5TH
New York Mets batting - Pitching for Philadelphia Phillies : RHP Robby Benchio
Batting: SHB Nelle van den Berg 0-0: Swinging Strike
0-1: Ball
1-1: Ball
2-1: Called Strike
2-2: Foul Ball, location: 2F
2-2: Foul Ball, location: 2F
2-2: Ball
3-2: Fly out, F7 (Line Drive, 7S, EV 87.5 MPH)
Batting: LHB Kevin Bellman 0-0: Swinging Strike
0-1: Ball
1-1: Foul Ball, location: 2F
1-2: Ground out 4-3 (Groundball, 4, EV 80.0 MPH)
Batting: SHB Sean Cook 0-0: Fly out, F9 (Flyball, 9D, EV 84.4 MPH)
Top of the 5th over - 0 runs, 0 hits, 0 errors, 0 left on base; New York 3 - Philadelphia 3
BOTTOM OF THE 5TH
Philadelphia Phillies batting - Pitching for New York Mets : RHP Jeff Jank
Batting: LHB Jim Beaver 0-0: Swinging Strike
0-1: Ball
1-1: Ball
2-1: Swinging Strike
2-2: Ground out 4-3 (Groundball, 4, EV 86.2 MPH)
Batting: LHB Jeff Luvisi 0-0: Ball
1-0: Ball
2-0: Called Strike
2-1: Foul Ball, location: 2F
2-2: Fly out, F8 (Flyball, 8RD, EV 101.2 MPH)
Batting: LHB Eric Katz 0-0: Ball
1-0: Foul Ball, location: 2F
1-1: Ball
2-1: Called Strike
2-2: Strikes out looking
Bottom of the 5th over - 0 runs, 0 hits, 0 errors, 0 left on base; New York 3 - Philadelphia 3
TOP OF THE 6TH
New York Mets batting - Pitching for Philadelphia Phillies : RHP Robby Benchio
Batting: SHB Jonathan Jenkins 0-0: Ball
1-0: Ball
2-0: Foul Ball, location: 2F
2-1: Foul Ball, location: 2F
2-2: Ball
3-2: Base on Balls
Batting: SHB Harry Hoop 0-0: Ball
1-0: SINGLE (Groundball, 34D, EV 96.9 MPH)
Jonathan Jenkins to second
Runner from 2nd tries for 3rd, SAFE, throw by RF made to third
Harry Hoop to second
Batting: RHB Jesus Chavez 0-0: Called Strike
0-1: Ball
1-1: Ground out 5-3 (Groundball, 56S, EV 86.2 MPH)
Batting: SHB Roberto Magne 0-0: Ball
1-0: 3-RUN HOME RUN (Flyball, 9D, EV 94.4 MPH), Distance : 373 ft
Pitching: LHP Lennart Hjelm
Batting: LHB Sal Fernandez 0-0: Ball
1-0: Foul Ball, location: 2F
1-1: Foul Ball, location: 2F
1-2: Strikes out swinging
Batting: SHB Jason Larson 0-0: Called Strike
0-1: Ground out 4-3 (Groundball, 4, EV 90.0 MPH)
Top of the 6th over - 3 runs, 2 hits, 0 errors, 0 left on base; New York 6 - Philadelphia 3
BOTTOM OF THE 6TH
Philadelphia Phillies batting - Pitching for New York Mets : RHP Jeff Jank
Batting: LHB Xavier Pittman 0-0: Called Strike
0-1: Ball
1-1: Called Strike
1-2: Ground out 6-3 (Groundball, 6, EV 105.0 MPH)
Batting: RHB Chef Belew 0-0: Ball
1-0: Called Strike
1-1: Foul Ball, location: 2F
1-2: Ball
2-2: Ball
3-2: SINGLE (Flyball, 9LS, EV 98.1 MPH)
Batting: LHB Osamu Kubo 0-0: Ball
1-0: Called Strike
1-1: Called Strike
1-2: Foul Ball, location: 2F
1-2: Ball
2-2: SINGLE (Flyball, 8RS, EV 95.6 MPH)
Chef Belew to second
Batting: SHB Lance Franklin 0-0: Called Strike
0-1: Foul Ball, location: 2F
0-2: Ground out 3-1 (Groundball, 13, EV 91.9 MPH)
Chef Belew to third
Osamu Kubo to second
Batting: LHB Ryan Trombley 0-0: Swinging Strike
0-1: Foul Ball, location: 2F
0-2: Strikes out swinging
Bottom of the 6th over - 0 runs, 2 hits, 0 errors, 2 left on base; New York 6 - Philadelphia 3
TOP OF THE 7TH
New York Mets batting - Pitching for Philadelphia Phillies : LHP Lennart Hjelm
Pitching: LHP Ayaz bin Jalal
Batting: SHB Nelle van den Berg 0-0: Ball
1-0: Foul Ball, location: 2F
1-1: Fly out, F4 (Popup, 4M, EV 69.4 MPH)
Batting: LHB Kevin Bellman 0-0: SINGLE (Groundball, 25, EV 65.0 MPH) (infield hit)
Batting: SHB Sean Cook 0-0: Ball
1-0: Foul Ball, location: 2F
1-1: Grounds into double play, 6-4-3 (Groundball, 6, EV 81.2 MPH)
Top of the 7th over - 0 runs, 1 hit, 0 errors, 0 left on base; New York 6 - Philadelphia 3
BOTTOM OF THE 7TH
Philadelphia Phillies batting - Pitching for New York Mets : RHP Jeff Jank
Batting: RHB Josh Hensley 0-0: Ball
1-0: SINGLE (Line Drive, 6MD, EV 97.5 MPH)
Pitching: LHP Xu-gang Zhou
Pinch Hitting: SHB Billy Encinias 0-0: 2-RUN HOME RUN (Flyball, 7D, EV 94.4 MPH), Distance : 375 ft
Batting: LHB Jeff Luvisi 0-0: Called Strike
0-1: Ball
1-1: Called Strike
1-2: DOUBLE (Line Drive, 7LM, EV 103.8 MPH)
Batting: LHB Eric Katz 0-0: Ground out 4-3 (Groundball, 4D, EV 99.4 MPH)
Jeff Luvisi to third
Pinch Hitting: RHB Melchor Sovrivilla 0-0: Ball
1-0: Ball
2-0: Ground out 4-3 (Groundball, 34, EV 92.5 MPH)
Batting: RHB Chef Belew 0-0: Ball
1-0: Ball
2-0: Ball
3-0: Called Strike
3-1: Base on Balls
Batting: LHB Osamu Kubo 0-0: Foul Ball, location: 2F
0-1: Ball
1-1: Ball
2-1: Foul Ball, location: 2F
2-2: Ball
3-2: Base on Balls
Chef Belew to second
Batting: SHB Lance Franklin 0-0: Ball
1-0: Ball
2-0: Ball
Wild Pitch!
Jeff Luvisi scores
Chef Belew to third
Osamu Kubo to second
3-0: Called Strike
3-1: Base on Balls
Batting: LHB Ryan Trombley 0-0: Fielders Choice at 2nd, 6-4 (Groundball, 6, EV 105.6 MPH)
Bottom of the 7th over - 3 runs, 3 hits, 0 errors, 3 left on base; New York 6 - Philadelphia 6
TOP OF THE 8TH
New York Mets batting - Pitching for Philadelphia Phillies : LHP Ayaz bin Jalal
Pitching: RHP Brian Thomas
Now at 3B: Billy Encinias
Now at SS: Melchor Sovrivilla
Batting: SHB Jonathan Jenkins 0-0: Swinging Strike
0-1: Swinging Strike
0-2: Fly out, F7 (Flyball, 78M, EV 90.6 MPH)
Batting: SHB Harry Hoop 0-0: Called Strike
0-1: Fly out, F5 (Popup, 25F, EV 81.9 MPH)
Pinch Hitting: SHB Gus Berry 0-0: SINGLE (Flyball, 8LS, EV 91.9 MPH)
Batting: SHB Roberto Magne 0-0: Ball
1-0: Swinging Strike
1-1: Swinging Strike
1-2: Strikes out swinging
Top of the 8th over - 0 runs, 1 hit, 0 errors, 1 left on base; New York 6 - Philadelphia 6
BOTTOM OF THE 8TH
Philadelphia Phillies batting - Pitching for New York Mets : LHP Xu-gang Zhou
Now at 1B: Sal Fernandez
Now in CF: Gus Berry
Batting: RHB Josh Hensley 0-0: Ball
1-0: Ball
2-0: Called Strike
2-1: Ball
3-1: Base on Balls
Batting: SHB Billy Encinias 0-0: Sac Bunt to 15 - play at first, batter OUT! 1-3
Josh Hensley to second
Batting: LHB Jeff Luvisi 0-0: Ground out U3 (Groundball, 3, EV 105.0 MPH)
Josh Hensley to third
Batting: LHB Eric Katz 0-0: Ball
1-0: Swinging Strike
1-1: Swinging Strike
1-2: Strikes out looking
Bottom of the 8th over - 0 runs, 0 hits, 0 errors, 1 left on base; New York 6 - Philadelphia 6
TOP OF THE 9TH
New York Mets batting - Pitching for Philadelphia Phillies : RHP Brian Thomas
Batting: LHB Sal Fernandez 0-0: Ground out 4-3 (Groundball, 4, EV 83.8 MPH)
Batting: SHB Jason Larson 0-0: Ball
1-0: Foul Ball, location: 2F
1-1: Ball
2-1: Ball
3-1: SINGLE (Groundball, 3S, EV 69.4 MPH) (infield hit)
Batting: SHB Nelle van den Berg 0-0: Ball
1-0: Ball
2-0: Called Strike
2-1: Ball
3-1: Base on Balls
Jason Larson to second
Batting: LHB Kevin Bellman 0-0: Ball
1-0: Called Strike
Jason Larson is caught stealing 3rd base 2-5
Nelle van den Berg to second
1-1: Ball
2-1: Foul Ball, location: 2F
2-2: Foul Ball, location: 2F
2-2: Foul Ball, location: 2F
2-2: Strikes out looking
Top of the 9th over - 0 runs, 1 hit, 0 errors, 1 left on base; New York 6 - Philadelphia 6
BOTTOM OF THE 9TH
Philadelphia Phillies batting - Pitching for New York Mets : LHP Xu-gang Zhou
Pitching: LHP Sam Schrecengost
Batting: RHB Melchor Sovrivilla 0-0: Foul Ball, location: 2F
0-1: Foul Ball, location: 2F
0-2: Ball
1-2: Foul Ball, location: 2F
1-2: Ball
2-2: Ball
3-2: Foul Ball, location: 2F
3-2: Foul Ball, location: 2F
3-2: Base on Balls
Batting: RHB Chef Belew 0-0: Grounds into double play, 6-4-3 (Groundball, 6M, EV 83.1 MPH)
Batting: LHB Osamu Kubo 0-0: Ball
1-0: Ball
2-0: Swinging Strike
2-1: Foul Ball, location: 2F
2-2: SINGLE (Groundball, 25, EV 69.4 MPH) (infield hit)
Batting: SHB Lance Franklin 0-0: Called Strike
0-1: Called Strike
0-2: SINGLE (Groundball, 34D, EV 96.9 MPH)
Osamu Kubo to second
Runner from 2nd tries for 3rd, SAFE, throw by RF made to third
Batting: LHB Ryan Trombley 0-0: Called Strike
0-1: Swinging Strike
0-2: Ball
1-2: Ball
2-2: Ball
3-2: Foul Ball, location: 2F
3-2: Foul Ball, location: 2F
3-2: SINGLE (Flyball, 34D, EV 88.8 MPH)
Osamu Kubo scores
Bottom of the 9th over - 1 run, 3 hits, 0 errors, 1 left on base; New York 6 - Philadelphia 7
Tuesday, September 13th , 2022 - OOTP Baseball 23.7 Build 88